 Dungeon Crawl Stone Soup version 0.28-a0-863-g8cecda6153 (webtiles) character file.

Game seed: 9493570211879090538

51 spaced the Ducker (level 3, -5/17 HPs)
             Began as a Felid Chaos Knight on Nov 18, 2021.
             Was a Plaything of Xom.
             Slain by a gnoll (6 damage)
             ... on level 3 of the Dungeon.
             The game lasted 00:23:24 (2665 turns).

spaced the Ducker (Felid Chaos Knight)              Turns: 2665, Time: 00:23:25

Health: -5/17      AC:  1    Str:  8    XL:     3   Next: 58%
Magic:  13/13      EV: 18    Int: 13    God:    Xom [...*..]
Gold:   92         SH:  0    Dex: 16    Spells: 2/2 levels left
                                        Lives:  0   Deaths: 1

rFire   . . .      SeeInvis +     - Unarmed
rCold   . . .      Faith    .   (shield unavailable)
rNeg    . . .      Spirit   .   (armour unavailable)
rPois   .          Reflect  .   (helmet unavailable)
rElec   .          Harm     .   (cloak unavailable)
rCorr   .          Rampage  .   (gloves unavailable)
Will    +....                   (boots unavailable)
Stlth   ++........              (no amulet)
HPRegen 0.05/turn               b - ring of magical power
MPRegen 0.13/turn               i - ring of willpower

@: studying Translocations, quick
A: very small, claws 1, fangs 3, see invisible, speed 1, shaggy fur 1, stealthy
paws, no weapons or thrown items, no armour, multi-lived
a: Renounce Religion


You were on level 3 of the Dungeon.
You worshipped Xom.
You were a favourite toy of Xom.
You visited 1 branch of the dungeon, and saw 3 of its levels.

You collected 131 gold pieces.
You spent 39 gold pieces at shops.

Inventory:

Hand Weapons
 d - a +0 short sword
 l - a +1 vampiric short sword
Armour
 j - a +0 ring mail
Magical Staves
 e - a staff of conjuration
 k - a staff of cold
Jewellery
 b - a ring of magical power (left paw)
 i - a ring of willpower (right paw)
Scrolls
 g - a scroll of magic mapping
Potions
 a - a potion of curing
 c - a potion of heal wounds {unknown}
 f - a potion of lignification
 h - a potion of brilliance


   Skills:
 + Level 3.4 Fighting
 + Level 4.2 Dodging
 + Level 1.3 Stealth
 + Level 4.2 Unarmed Combat


You had 2 spell levels left.
You didn't know any spells.
Your spell library was empty.

Dungeon Overview and Level Annotations

Branches:
Dungeon (3/15)

Altars:
Zin

Shops:
D:1 !(   D:3 :


Innate Abilities, Weirdness & Mutations

You have sharp claws.
You have razor-sharp teeth.
You have supernaturally acute eyesight. (SInv)
You cover ground quickly. (Speed+)
You are covered in fur. (AC +1)
Your paws help you pounce on unaware monsters.
You are incapable of wielding weapons or throwing items.
You cannot wear armour.
You gain extra lives every three experience levels.


Message History

The gnoll is heavily wounded.
You hear Xom's avuncular chuckle.
The gnoll suddenly seems more agile.
The gnoll hits you with a +0 club.
* * * LOW HITPOINT WARNING * * *
The gnoll closely misses you.
You scratch the gnoll.
The gnoll is almost dead.
The gnoll closely misses you. The gnoll barely misses you.
You closely miss the gnoll.
The gnoll is almost dead.
The gnoll misses you. The gnoll completely misses you.
You scratch the gnoll.
You kill the gnoll!
The gnoll hits you with a +0 spear.
* * * LOW HITPOINT WARNING * * *
You see here a +0 club.
You barely miss the gnoll. Your bite misses the gnoll.
The gnoll barely misses you.
You scratch the gnoll. You bite the gnoll, but do no damage.
The gnoll is lightly wounded.
The gnoll closely misses you.
You barely miss the gnoll.
The gnoll is lightly wounded.
The gnoll closely misses you.
You closely miss the gnoll.
The gnoll is lightly wounded.
The gnoll hits you with a +0 spear.
* * * LOW HITPOINT WARNING * * *
You barely miss the gnoll.
The gnoll is lightly wounded.
The gnoll closely misses you.
You scratch the gnoll but do no damage.
The gnoll is lightly wounded.
The gnoll closely misses you.
You barely miss the gnoll.
The gnoll is lightly wounded.
You claw the gnoll!
The gnoll is almost dead.
The gnoll hits you with a +0 spear.
You die...

###. ##≈≈≈..≈≈≈##...... ..
#...## ####''####.......
...#....####.........#.....
...#....#......##..........
........#......##..........
........#.......#.##.......
..............#.#...#######
.....#...g......#....# >..
#....@.....#....### .
#............#....# #
#.........##.#....####
#.........##.#.......)
#####....<......#.####
##.....###.###.# #
#............# #.. .
#.###...#####.....### #
....>.. .###...#


You could see a gnoll.

Vanquished Creatures
  A gnoll (D:3)
  3 adders
  A dart slug (D:3)
  An orc (D:3)
  3 endoplasms
  A giant cockroach (D:2)
  2 goblins
  7 hobgoblins
  8 jackals (D:1)
  5 kobolds
  4 ball pythons
  7 bats
  2 rats
45 creatures vanquished.

Vanquished Creatures (others)
  2 gnolls (D:3)
2 creatures vanquished.

Grand Total: 47 creatures vanquished

Notes
Turn   | Place    | Note
-------+----------+-------------------------------------------
     0 | D:1      | spaced the Felid Chaos Knight began the quest for the Orb.
     0 | D:1      | Reached XP level 1. HP: 10/10 MP: 2/2
    43 | D:1      | XOM: potion effect (heal wounds)
   196 | D:1      | Reached XP level 2. HP: 10/14 MP: 3/3
   203 | D:1      | Found Idabromm's Distillery.
   215 | D:1      | XOM: fog
   397 | D:1      | You fall into a shaft and drop 1 floor!
   491 | D:2      | Found a glowing silver altar of Zin.
   568 | D:2      | Reached XP level 3. HP: 8/17 MP: 4/4
   568 | D:2      | XOM: 1-stop teleportation journey
  1416 | D:1      | Found Wutuarudie's Weapon Emporium.
  1540 | D:1      | Bought a potion of lignification for 39 gold pieces
  1583 | D:2      | Found a faded altar of an unknown god.
  1706 | D:2      | XOM: divination: magic mapping
  1927 | D:2      | XOM: butterfly on damage
  1944 | D:1      | XOM: scenery: 1 doors close
  1960 | D:1      | XOM: 9-stop teleportation journey
  1995 | D:2      | XOM: give mutation
  1995 | D:2      | Gained mutation: You possess an exceptional clarity of
                  | mind. [Xom's grace]
  2122 | D:2      | Identified a scroll of acquirement
  2123 | D:2      | Acquired a manual of Translocations
  2137 | D:2      | XOM is BORED!
  2137 | D:2      | XOM: give mutation
  2137 | D:2      | Lost mutation: You possess an exceptional clarity of mind.
                  | [Xom's mischief]
  2138 | D:2      | XOM: smoke on damage
  2370 | D:3      | XOM: confuse monster(s)
  2387 | D:3      | XOM: 4-stop teleportation journey
  2393 | D:3      | XOM: snakes to sticks
  2515 | D:3      | Reached skill level 1 in Stealth
  2524 | D:3      | Found Kiusk's Book Emporium.
  2594 | D:3      | Reached XP level 4. HP: 13/21 MP: 5/5
  2619 | D:3      | XOM: divine lightning
  2625 | D:3      | Mangled by a gnoll
  2626 | D:3      | Reached XP level 3. HP: -6/17 MP: 13/13
  2651 | D:3      | XOM: enchant monster (bad)
  2665 | D:3      | Slain by a gnoll

Illustrated notes

Levels and vault maps discovered:
D:1:      dpeg_arrival_chambers_temple_mockup, layout_basic, serial_shops,
          shop_fountains, shop_coins
D:2:      layout_loops_ring, basic_altar, hellmonk_ecumenical_altar_heavens_door
D:3:      kennysheep_big_flooded_room, layout_basic,
          mainiacjoe_overflow_alcove_2,
          nicolae_gozag_cash_rules_everything_around_me, serial_shops, shop

Skill      XL: |  1  2  3 |
---------------+----------+-----
Dodging        | 4 |  4.2
Stealth        | 1 |  1.3
Unarmed Combat | 4 |  4.2
Fighting       | |  3.4

Action                   |  1- 3 |  4- 6 || total
-------------------------+-------+-------++-------
Melee: Unarmed           |   161 |     5 ||   166
       Bite              |     9 |       ||     9
       Punch             |     1 |       ||     1
  Use: Scroll            |     5 |       ||     5
       Potion            |     2 |       ||     2
 Stab: Sleeping          |     2 |       ||     2
Armor: Skin              |    10 |       ||    10
Dodge: Dodged            |   157 |    13 ||   170

Table legend: (Time is in decaauts)
 A = Elapsed time spent in this place.
 B = Non-inter-level travel time spent in this place.
 C = Inter-level travel time spent in this place.
 D = Time resting spent in this place.
 E = Time spent auto-exploring this place.
 F = Levels seen in this place.
 G = Mean time per level.
                   A        B        C        D        E       F      G
               +--------+--------+--------+--------+--------+-----+--------+
         Total |   2298 |   2298 |      0 |    637 |      0 |   3 |  766.0 |
       Dungeon |   2298 |   2298 |      0 |    637 |      0 |   3 |  766.0 |
               +--------+--------+--------+--------+--------+-----+--------+

Top non-repeatable levels by time:
     D:1: 1229 daAuts
     D:2: 713 daAuts
     D:3: 355 daAuts
